 Dungeon Crawl Stone Soup version 0.27-a0-489-g24c7b1a3ef (webtiles) character file.

Game seed: 15437466518552345310

2371 LuckyCharm the Skirmisher (level 9, 0/65 (66) HPs)
             Began as a Gnoll Wanderer on Mar 1, 2021.
             Was a Believer of Dithmenos.
             Slain by a necrophage (1 damage)
             ... on level 7 of the Dungeon on Mar 2, 2021.
             The game lasted 01:01:03 (7856 turns).

LuckyCharm the Skirmisher (Gnoll Wanderer)          Turns: 7856, Time: 01:01:04

HP:   0/65 (66)     AC: 13    Str: 15    XL:     9   Next: 45%
MP:   0/16          EV:  9    Int: 11    God:    Dithmenos [**....]
Gold: 349           SH:  0    Dex: 18    Spells: 17/18 levels left

rFire    . . .     SeeInvis .   z - +2 flail (vorpal)
rCold    . . .     Faith    .   (no shield)
rNeg     . . .     Spirit   +   b - +1 chain mail
rPois    .         Reflect  .   (helmet restricted)
rElec    .         Harm     .   v - scarf {shadows}
rCorr    .         Rampage  .   i - +0 pair of gloves
Will     .....                  p - +0 pair of boots
Stlth    ..........             h - amulet of guardian spirit
HPRegen  0.20/turn              j - +6 ring of dexterity
MPRegen  0.15/turn              (no ring)

@: attractive, wreathed by umbra, lightly drained
A: distributed training, antennae 1, fangs 1, frail 1, MP-powered wands, strong
nose
a: Renounce Religion, Shadow Step


You were on level 7 of the Dungeon.
You worshipped Dithmenos.
Dithmenos was pleased with you.
You visited 1 branch of the dungeon, and saw 8 of its levels.
You also visited: Sewer.

You collected 349 gold pieces.

Inventory:

Hand Weapons
 a - a +2 spear
 f - a +1 short sword of venom
 n - a +2 morningstar of holy wrath
 w - a +5 giant club
 x - a +2 great sword
 y - a +3 trident
 z - a +2 vorpal flail (weapon)
Missiles
 o - 46 poisoned darts (quivered)
Armour
 b - a +1 chain mail (worn)
 d - a +0 robe
 i - a +0 pair of gloves (worn)
 p - a +0 pair of boots (worn)
 r - a scarf of repulsion
 s - a scarf of invisibility
 v - a scarf of shadows (worn)
Jewellery
 h - an amulet of guardian spirit (around neck)
 j - a +6 ring of dexterity (left hand)
Wands
 k - a wand of polymorph (6)
 q - a wand of mindburst (8)
Scrolls
 c - a scroll of amnesia
 l - a scroll of immolation
 m - 9 scrolls of identify
Potions
 e - a potion of degeneration
 g - a potion of cancellation


   Skills:
 + Level 7.9 Fighting
 + Level 4.2 Short Blades
 + Level 4.2 Long Blades
 + Level 4.2 Axes
 + Level 4.2 Maces & Flails
 + Level 4.2 Polearms
 + Level 4.2 Staves
 + Level 4.2 Slings
 + Level 4.2 Bows
 + Level 4.2 Crossbows
 + Level 5.0 Throwing
 + Level 6.3 Armour
 + Level 4.2 Dodging
 + Level 4.2 Stealth
 + Level 5.0 Shields
 + Level 4.2 Unarmed Combat
 + Level 5.2 Spellcasting
 + Level 3.5 Conjurations
 + Level 4.1 Hexes
 + Level 4.1 Summonings
 + Level 3.5 Necromancy
 + Level 3.5 Translocations
 + Level 3.5 Transmutations
 + Level 3.5 Fire Magic
 + Level 3.5 Ice Magic
 + Level 3.5 Air Magic
 + Level 3.5 Earth Magic
 + Level 3.5 Poison Magic
 + Level 4.7 Invocations
 + Level 4.2 Evocations


You had 17 spell levels left.
You knew the following spells:

 Your Spells              Type           Power        Failure   Level
a - Foxfire               Conj/Fire      40%          63%         1

Your spell library contained the following spells:

 Spells                   Type           Power        Failure   Level
 Corona                   Hex            13%          52%         1
 Ensorcelled Hibernation  Hex/Ice        22%          71%         2
 Confusing Touch          Hex            12%          88%         3
 Tukima's Dance           Hex            12%          88%         3
 Dazzling Flash           Conj/Hex       22%          91%         3
 Conjure Flame            Conj/Fire      10%          94%         3


Dungeon Overview and Level Annotations

Branches:
Dungeon (8/15)             Temple (0/1) D:7           Sewer (visited)
   Lair: D:8-11

Altars:
Dithmenos
Nemelex Xobeh
Qazlal

Shops:
D:4 !   D:5 [

Annotations:
D:7 Joseph


Innate Abilities, Weirdness & Mutations

Your experience applies equally to all skills.
You have very sharp teeth.
Your uncanny sense of smell can sniff out nearby items.
You have a pair of small antennae on your head.
You are frail. (-10% HP)
You expend magic power (3 MP) to strengthen your wands.


Message History

You see here a scroll of identify.
You closely miss the hound. The hound barely misses you.
The orc hits you but does no damage. The necrophage completely misses you.
The hound bites you but does no damage.
You hit the hound.
The hound is moderately wounded.
The hound bites you but does no damage. The orc hits you with a +0 hand axe.
* * * LOW HITPOINT WARNING * * *
The necrophage closely misses you.
You barely miss the hound.
The hound is moderately wounded.
The hound bites you but does no damage. The orc misses you.
The necrophage hits you but does no damage.
The hound bites you.
* * * LOW HITPOINT WARNING * * *
The orc priest looks satisfied for a moment.
You sock the hound! Your bite misses the hound.
The hound is almost dead.
The hound bites you but does no damage. The necrophage hits you.
* * * LOW HITPOINT WARNING * * *
The gnoll sergeant hits you but does no damage.
The orc closely misses you. The hound bites you but does no damage.
The necrophage misses you.
The gnoll sergeant hits you but does no damage.
You barely miss the hound.
The hound is almost dead.
The hound misses you. The orc misses you.
The necrophage hits you but does no damage.
The gnoll sergeant hits you but does no damage.
The hound closely misses you.
You sock the hound!
You kill the hound!
Dithmenos accepts your kill. The orc closely misses you.
The necrophage barely misses you. The gnoll sergeant misses you.
The orc hits you with a +0 hand axe.
* * * LOW HITPOINT WARNING * * *
The necrophage hits you.
* * * LOW HITPOINT WARNING * * *
You feel drained.
You die...

........ .. ##.#
....#... .$. #..#
....#.⌠.#.... .#
..##... ..###...###..
.# ...... .............
.# #.... ...⌠..>..⌠..#
.# #.... ............#
.# ##....
#(###...###o#####.#
#.....
#...#.⌠.#.goggo?@.#
#...(<
#...#...#..g###n#......
#..... #...........#
#.#...... ...!...#
##........### #........
.$...... ####.#.#..#
##....... ..@.(.(#
#.#.#..# .......
...#.... #...#...#
....... ....####
##..##.... #. .... ....


You could see a necrophage, a gnoll sergeant, an orc priest, 3 gnolls and 2
orcs.

Vanquished Creatures
  A water moccasin (D:6)
  A black bear (D:7)
  A sky beast (D:4)
  An orc warrior (D:6)
  An ice beast (D:6)
  2 ogres (D:5)
  A centaur (D:3)
  3 phantoms
  3 bullfrogs
  A kobold brigand (D:5)
  Blork the orc (D:4)
  A scorpion (D:4)
  4 wights (D:6)
  2 bullfrog zombies (D:5)
  2 hounds
  A centaur skeleton (D:4)
  3 orc priests (D:4)
  2 iguanas
  Ijyb (D:4)
  Natasha (twice) (D:4)
  8 orc wizards
  A worker ant (D:4)
  A hound zombie (D:5)
  A hound skeleton (D:6)
  4 gnolls
  5 adders
  2 white imps (D:6)
  An ufetubus (D:7)
  An ooze (D:5)
  An adder zombie (D:7)
  2 worms (D:3)
  38 orcs
  5 giant cockroaches
  3 goblins
  2 hobgoblins
  10 jackals
  21 kobolds
  4 quokkas
  3 ball pythons (D:5)
  2 bats (D:1)
  4 frilled lizards
  A leopard gecko skeleton (D:5)
  A leopard gecko zombie (D:6)
  A quokka skeleton (D:5)
  3 rats
159 creatures vanquished.

Vanquished Creatures (others)
  A bat (D:3)
  69 plants (D:5)
70 creatures vanquished.

Grand Total: 229 creatures vanquished

Notes
Turn   | Place    | Note
-------+----------+-------------------------------------------
     0 | D:1      | LuckyCharm the Gnoll Wanderer began the quest for the Orb.
     0 | D:1      | LuckyCharm set off with the following items: a +2 spear, a
                  | potion of curing, a +0 robe; and the following spell
                  | memorised: Foxfire; and the following spells available to
                  | memorise: Conjure Flame
     0 | D:1      | Reached XP level 1. HP: 23/23 MP: 4/4
   243 | D:1      | Reached XP level 2. HP: 25/29 MP: 5/5
   604 | D:2      | Found a stormy altar of Qazlal.
   823 | D:2      | Reached XP level 3. HP: 35/35 MP: 7/7
  1184 | D:3      | Reached skill level 1 in Invocations
  1215 | D:3      | Reached skill level 1 in Short Blades
  1215 | D:3      | Reached skill level 1 in Long Blades
  1215 | D:3      | Reached skill level 1 in Axes
  1215 | D:3      | Reached skill level 1 in Maces & Flails
  1215 | D:3      | Reached skill level 1 in Polearms
  1215 | D:3      | Reached skill level 1 in Staves
  1215 | D:3      | Reached skill level 1 in Slings
  1215 | D:3      | Reached skill level 1 in Bows
  1215 | D:3      | Reached skill level 1 in Crossbows
  1215 | D:3      | Reached skill level 1 in Dodging
  1215 | D:3      | Reached skill level 1 in Stealth
  1215 | D:3      | Reached skill level 1 in Unarmed Combat
  1215 | D:3      | Reached skill level 1 in Evocations
  1221 | D:3      | Reached XP level 4. HP: 26/41 MP: 8/8
  1231 | D:3      | Reached skill level 1 in Conjurations
  1231 | D:3      | Reached skill level 1 in Necromancy
  1231 | D:3      | Reached skill level 1 in Translocations
  1231 | D:3      | Reached skill level 1 in Transmutations
  1231 | D:3      | Reached skill level 1 in Fire Magic
  1231 | D:3      | Reached skill level 1 in Ice Magic
  1231 | D:3      | Reached skill level 1 in Air Magic
  1231 | D:3      | Reached skill level 1 in Earth Magic
  1231 | D:3      | Reached skill level 1 in Poison Magic
  1466 | D:3      | Noticed a bullfrog
  1468 | D:3      | Noticed a centaur
  1496 | D:3      | Killed a bullfrog
  1497 | D:3      | Reached XP level 5. HP: 40/47 MP: 9/9
  1505 | D:3      | Killed a centaur
  1506 | D:3      | Reached XP level 6. HP: 28/53 MP: 9/11
  2199 | D:4      | Reached skill level 5 in Armour
  2234 | D:4      | Noticed a sky beast
  2251 | D:4      | Killed a sky beast
  2270 | D:4      | Reached XP level 7. HP: 33/59 MP: 7/12
  2283 | D:4      | Reached skill level 7 in Fighting
  2816 | D:4      | Found Oshrupnimme's Distillery.
  2847 | D:4      | Noticed Natasha
  2847 | D:4      | Noticed Ijyb
  2863 | D:4      | Killed Ijyb
  2869 | D:4      | Killed Natasha
  2959 | D:4      | Noticed Natasha
  3001 | D:4      | Killed Natasha
  3018 | D:4      | Noticed Blork the orc
  3035 | D:4      | Killed Blork the orc
  3036 | D:4      | Reached XP level 8. HP: 31/67 MP: 8/14
  3038 | D:4      | Found a shadowy altar of Dithmenos.
  3579 | D:4      | Learned a level 3 spell: Conjure Flame
  3648 | D:4      | Became a worshipper of Dithmenos the Shadowed
  3777 | D:5      | Entered Level 5 of the Dungeon
  3859 | D:5      | Found a glowing drain.
  3908 | Sewer    | Entered a sewer
  4714 | D:5      | Reached * piety under Dithmenos
  5190 | D:5      | Found Piakh's Armour Shop.
  5342 | D:6      | Reached XP level 9. HP: 45/72 MP: 10/16
  6249 | D:6      | Reached skill level 5 in Spellcasting
  6343 | D:6      | Found a sparkling altar of Nemelex Xobeh.
  6759 | D:6      | Reached ** piety under Dithmenos
  6760 | D:6      | Reached skill level 5 in Throwing
  6760 | D:6      | Reached skill level 5 in Shields
  6925 | D:7      | Noticed Joseph
  7299 | D:8      | Gained mutation: You have a pair of small antennae on your
                  | head. [potion of mutation]
  7299 | D:8      | Gained mutation: You are frail. (-10% HP) [potion of
                  | mutation]
  7299 | D:8      | Gained mutation: You expend magic power (3 MP) to
                  | strengthen your wands. [potion of mutation]
  7817 | D:7      | Found a staircase to the Ecumenical Temple.
  7856 | D:7      | HP: 1/66 [necrophage (4)]
  7856 | D:7      | Slain by a necrophage

Illustrated notes

Levels and vault maps discovered:
D:1:      dpeg_arrival_snail, layout_loops_ring
D:2:      layout_loops_corners, hangedman_decor_opposing,
          nicolae_qazlal_eye_of_the_storm
D:3:      layout_basic, chequers_decorated_corner
D:4:      layout_loops_ring, serial_shops, shop_statue,
          grunt_dithmenos_smoke_and_mirrors, uniq_natasha, uniq_blork_the_orc,
          uniq_ijyb
D:5:      kennysheep_kobold_camp, layout_loops_ring, portal_sewer_entry_a,
          serial_shops, nicolae_shop_stone, minmay_fractal_squares_5
D:6:      layout_layer_cave, basic_altar
D:7:      layout_rooms, general_overflow_altar, minmay_temple_entry_junction_2,
          serial_shops, shop, enter_bailey_2, nicolae_ossuary_entry_giza,
          uniq_joseph, uniq_maggie
D:8:      layout_basic

Skill      XL: |  1  2  3  4  5  6  7  8  9 |
---------------+----------------------------+-----
Hexes          | 2 3 4 |  4.1
Summonings     | 2 3 4 |  4.1
Invocations    | 1 2 3 4 |  4.7
Short Blades   | 1 2 3 4 |  4.2
Long Blades    | 1 2 3 4 |  4.2
Axes           | 1 2 3 4 |  4.2
Maces & Flails | 1 2 3 4 |  4.2
Polearms       | 1 2 3 4 |  4.2
Staves         | 1 2 3 4 |  4.2
Slings         | 1 2 3 4 |  4.2
Bows           | 1 2 3 4 |  4.2
Crossbows      | 1 2 3 4 |  4.2
Dodging        | 1 2 3 4 |  4.2
Stealth        | 1 2 3 4 |  4.2
Unarmed Combat | 1 2 3 4 |  4.2
Evocations     | 1 2 3 4 |  4.2
Spellcasting   | 3 4 5 |  5.2
Conjurations   | 1 2 3 |  3.5
Necromancy     | 1 2 3 |  3.5
Translocations | 1 2 3 |  3.5
Transmutations | 1 2 3 |  3.5
Fire Magic     | 1 2 3 |  3.5
Ice Magic      | 1 2 3 |  3.5
Air Magic      | 1 2 3 |  3.5
Earth Magic    | 1 2 3 |  3.5
Poison Magic   | 1 2 3 |  3.5
Throwing       | 3 4 5 |  5.0
Shields        | 3 4 5 |  5.0
Armour         | 5 6 |  6.3
Fighting       | 7 |  7.9

Action                   |  1- 3 |  4- 6 |  7- 9 || total
-------------------------+-------+-------+-------++-------
Melee: Spear             |    79 |    71 |   229 ||   379
       Bite              |     5 |     7 |    44 ||    56
       Punch             |       |     1 |     2 ||     3
       Short sword       |       |       |    83 ||    83
       Flail             |       |       |    40 ||    40
       Morningstar       |       |       |    22 ||    22
       Trident           |       |       |    14 ||    14
Throw: Dart              |    12 |    22 |   257 ||   291
Evoke: Wand              |       |    14 |       ||    14
  Use: Potion            |       |     8 |     4 ||    12
       Scroll            |       |     4 |     6 ||    10
Armor: Chain mail        |    55 |    71 |   284 ||   410
       Skin              |       |     7 |       ||     7
Dodge: Dodged            |    23 |    26 |   203 ||   252

Table legend: (Time is in decaauts)
 A = Elapsed time spent in this place.
 B = Non-inter-level travel time spent in this place.
 C = Inter-level travel time spent in this place.
 D = Time resting spent in this place.
 E = Time spent auto-exploring this place.
 F = Levels seen in this place.
 G = Mean time per level.
                   A        B        C        D        E       F      G
               +--------+--------+--------+--------+--------+-----+--------+
         Total |   7811 |   7811 |      0 |   1693 |      0 |   9 |  867.9 |
       Dungeon |   7794 |   7794 |      0 |   1693 |      0 |   8 |  974.2 |
         Sewer |     16 |     16 |      0 |      0 |      0 |   1 |   16.0 |
               +--------+--------+--------+--------+--------+-----+--------+

Top non-repeatable levels by time:
     D:6: 2026 daAuts
     D:4: 1607 daAuts
     D:5: 1464 daAuts
     D:3: 1004 daAuts
     D:2: 727 daAuts
     D:1: 447 daAuts
     D:8: 430 daAuts
     D:7: 86 daAuts
   Sewer: 16 daAuts
